cohdb
Replays
Latest Replays
All Replays
Popular Replays
Top Player Replays
Match Explorer
How It Works
Community
CoH3 Stats
Reddit
Sign in to upload your games and track your stats! →
Sign in with Steam
Match 42667919
Unlisted
Match 42667919
Overview
Messages
Build Orders
End
Selects Air and Sea Battlegroup
Construct Section Command Post
Infantry Section
Dingo Light Scout Car
Infantry Section
Grenade Package
Infantry Section
Selects Supply Surplus
Construct Platoon Command Post
Humber Armored Car
Selects Commando Section Paradrop
Commando Section Paradrop
Selects Commando Support Section Paradrop
Commando Support Section Paradrop
Selects UNKNOWN (223837)
drTNT
a9044661
mr. zombie110
mr. lazу
Satyrritter
Norokozh
Abeli
Jesper
0
0
Comments
sign in to comment!
No comments posted yet!